 Dungeon Crawl Stone Soup version 0.22.0-49-gab54619674 (webtiles) character file.

45 JedernureinKreuz the Conjurer (level 3, -3/25 HPs)
             Began as a Gnoll Conjurer on Sept 7, 2018.
             Killed by divine providence
             ... invoked by an orc priest
              (11 damage)
             ... on level 3 of the Dungeon.
             The game lasted 00:05:36 (1327 turns).

JedernureinKreuz the Conjurer (Gnoll Conjurer)      Turns: 1327, Time: 00:05:37

Health: -3/25      AC:  4    Str: 10    XL:     3   Next: 64%
Magic:  7/9        EV: 14    Int: 18    God:
Gold:   103        SH:  0    Dex: 15    Spells: 11/12 levels left

rFire    . . .     SeeInvis .   h - +0 dagger
rCold    . . .     Gourm    .   (no shield)
rNeg     . . .     Faith    .   n - +0 leather armour
rPois    .         Spirit   .   v - +0 helmet
rElec    .         Reflect  .   (no cloak)
rCorr    .         Harm     .   (no gloves)
MR       .....                  (no boots)
Stlth    +.........             (no amulet)
HPRegen  0.08/turn              (no ring)
MPRegen  0.11/turn              (no ring)

@: confused
A: distributed training, fangs 1, strong nose
a: no special abilities


You were on level 3 of the Dungeon.
You were not hungry.

You visited 1 branch of the dungeon, and saw 3 of its levels.

You collected 103 gold pieces.

Inventory:

Hand Weapons
 h - a +0 dagger (weapon)
 l - a +0 hunting sling
Missiles
 i - 59 stones (quivered)
 q - 22 sling bullets
Armour
 a - a +0 robe
 n - a +0 leather armour (worn)
 u - a cursed +0 ring mail
 v - a +0 helmet (worn)
Scrolls
 b - 3 scrolls of identify {unknown}
 j - 3 scrolls of teleportation {unknown}
 o - 2 scrolls of remove curse {unknown}
 p - a scroll of magic mapping {unknown}
 r - a scroll of amnesia {unknown}
Potions
 d - a potion of mutation {unknown}
 e - 2 potions of degeneration {unknown}
 f - a potion of heal wounds {unknown}
 g - 2 potions of curing {unknown}
 k - 2 potions of lignification {unknown}
 m - a potion of haste {unknown}
 s - a potion of might {unknown}
 t - a potion of invisibility {unknown}
Comestibles
 c - 4 rations


   Skills:
 + Level 0.8 Fighting
 + Level 0.8 Short Blades
 + Level 0.8 Long Blades
 + Level 0.8 Axes
 + Level 0.8 Maces & Flails
 + Level 0.8 Polearms
 + Level 0.8 Staves
 + Level 0.8 Slings
 + Level 0.8 Bows
 + Level 0.8 Crossbows
 + Level 0.8 Throwing
 + Level 0.8 Armour
 + Level 4.5 Dodging
 + Level 4.1 Stealth
 + Level 0.8 Shields
 + Level 0.8 Unarmed Combat
 + Level 5.0 Spellcasting
 + Level 7.1 Conjurations
 + Level 0.5 Hexes
 + Level 0.5 Charms
 + Level 0.5 Summonings
 + Level 0.5 Necromancy
 + Level 0.5 Translocations
 + Level 0.5 Transmutations
 + Level 0.5 Fire Magic
 + Level 0.5 Ice Magic
 + Level 0.5 Air Magic
 + Level 0.5 Earth Magic
 + Level 0.5 Poison Magic
 + Level 1.0 Invocations
 + Level 0.8 Evocations


You had 11 spell levels left.
You knew the following spells:

 Your Spells              Type           Power        Failure   Level  Hunger
a - Magic Dart            Conj           ####         1%          1    None

Your spell library contained the following spells:

 Spells                   Type           Power        Failure   Level  Hunger
 Searing Ray              Conj           ####..       1%          2    #......
 Iskenderun's Mystic Bla  Conj           ####....     10%         4    ####...
 Dazzling Spray           Conj/Hex       ###...       11%         3    ##.....
 Force Lance              Conj/Tloc      ###.....     36%         4    ####...
 Fulminant Prism          Conj/Hex       ###.......   36%         4    ####...


Dungeon Overview and Level Annotations

Branches:
Dungeon (3/15)

Altars:


Innate Abilities, Weirdness & Mutations

Your experience applies equally to all skills.
You have very sharp teeth.
Your uncanny sense of smell can sniff out nearby items.


Message History

Unknown command.
You're too confused to cast spells.
You bump into the rock wall.
The orc wizard casts a spell.
The orc wizard flickers and vanishes!
Deactivating autopickup; reactivate with Ctrl-A.
You're too confused to move!
The frilled lizard barely misses you.
You bump into the rock wall.
The frilled lizard completely misses you.
The orc priest begins to cast a cantrip, but forgets the words!
The orc priest looks satisfied for a moment.
You hear some strange, mumbled words.
You are more confused.
You bump into the rock wall.
The frilled lizard closely misses you. Something hits you.
You see here a yellow potion.
You bump into the rock wall.
The frilled lizard misses you.
The orc priest calls down the wrath of Beogh upon you.
Beogh smites you!
You die...

## #.. ∆ #.# ∆ #.##
...# #..######
#####........
#...@........
#.###lo##### #.#
#..# #.# #.o# #.#
#o%# #.###o.####.
########.........?..
.......?......####.
..............#


You could see 2 orc priests, an orc wizard, an orc and a frilled lizard.

Vanquished Creatures
  An adder (D:2)
  An ooze (D:2)
  2 dart slugs (D:1)
  A leopard gecko (D:1)
  2 giant cockroaches
  5 goblins
  A hobgoblin (D:1)
  2 kobolds (D:2)
  A quokka (D:2)
  A ball python (D:3)
  3 bats
  5 frilled lizards
  5 rats
30 creatures vanquished.

Notes
Turn   | Place    | Note
-------+----------+-------------------------------------------
     0 | D:1      | JedernureinKreuz the Gnoll Conjurer began the quest for the
                  | Orb.
     0 | D:1      | Reached XP level 1. HP: 13/13 MP: 6/6
   140 | D:1      | Reached XP level 2. HP: 19/19 MP: 3/7
   747 | D:2      | Reached skill level 5 in Spellcasting
   747 | D:2      | Reached XP level 3. HP: 25/25 MP: 4/9
  1143 | D:2      | Reached skill level 1 in Invocations
  1327 | D:3      | Killed from afar by an orc priest

Skill      XL: |  1  2  3 |
---------------+----------+-----
Spellcasting   | 5 |  5.0
Invocations    | 1 |  1.0
Fighting       | |  0.8
Short Blades   | |  0.8
Long Blades    | |  0.8
Axes           | |  0.8
Maces & Flails | |  0.8
Polearms       | |  0.8
Staves         | |  0.8
Slings         | |  0.8
Bows           | |  0.8
Crossbows      | |  0.8
Throwing       | |  0.8
Armour         | |  0.8
Dodging        | |  4.5
Stealth        | |  4.1
Shields        | |  0.8
Unarmed Combat | |  0.8
Conjurations   | |  7.1
Hexes          | |  0.5
Charms         | |  0.5
Summonings     | |  0.5
Necromancy     | |  0.5
Translocations | |  0.5
Transmutations | |  0.5
Fire Magic     | |  0.5
Ice Magic      | |  0.5
Air Magic      | |  0.5
Earth Magic    | |  0.5
Poison Magic   | |  0.5
Evocations     | |  0.8

Action                   || total
-------------------------++-------
Melee: Dagger            ||    11
 Cast: Magic Dart        ||    47
 Stab: Sleeping          ||     1
  Eat: Chunk             ||     1
Armor: Leather armour    ||     4
Dodge: Dodged            ||    14
